 Dungeon Crawl Stone Soup version 0.26.0-10-g1f06aea511 (webtiles) character file.

Game seed: 13792799829705179813

1017 Borgoz the Slasher (level 8, -6/67 HPs)
             Began as a Ghoul Gladiator on Jan 14, 2021.
             Mangled by Edmund
             ... wielding a +2 dire flail of protection
              (7 damage)
             ... while paralysed
             ... on level 4 of the Dungeon.
             The game lasted 00:06:09 (4852 turns).

Borgoz the Slasher (Ghoul Gladiator)                Turns: 4852, Time: 00:06:09

Health: -6/67      AC: 13    Str: 16 (18) XL:     8   Next: 22%
Magic:  7/7        EV:  2    Int:  0 (3)  God:
Gold:   166        SH:  0    Dex: 11 (12) Spells: 7/7 levels left

rFire    . . .     SeeInvis .   a - +0 long sword
rCold    + . .     Faith    .   (no shield)
rNeg     + + +     Spirit   .   k - +0 scale mail
rPois    ∞         Reflect  .   c - +0 helmet
rElec    .         Harm     .   e - +0 cloak
rCorr    .         Rampage  .   (no gloves)
Will     .....                  (no boots)
Stlth    ..........             (no amulet)
HPRegen  0.00/turn              n - +4 ring of protection
MPRegen  0.10/turn              (no ring)

@: paralysed, mighty, hasted and slowed, lost intelligence
A: claws 1, cold resistance 1, negative energy resistance 3, inhibited
regeneration, torment resistance, unbreathing
a: no special abilities


You were on level 4 of the Dungeon.
You visited 1 branch of the dungeon, and saw 4 of its levels.

You collected 166 gold pieces.

Inventory:

Hand Weapons
 a - a +0 long sword (weapon)
Armour
 c - a +0 helmet (worn)
 e - a +0 cloak (worn)
 k - a +0 scale mail (worn)
Jewellery
 n - a +4 ring of protection (left claw)
Scrolls
 b - a scroll of fog
 f - a scroll of blinking
 l - a scroll of remove curse
 m - a scroll of magic mapping {unknown}
 o - a scroll of teleportation


   Skills:
 + Level 4.5 Fighting
 * Level 5.5 Long Blades
 - Level 1.7 Throwing
 * Level 4.6 Armour
 + Level 4.4 Dodging


You had 7 spell levels left.
You didn't know any spells.
Your spell library was empty.

Dungeon Overview and Level Annotations

Branches:
Dungeon (4/15)
 Temple: D:4-7

Altars:

Annotations:
D:4 Edmund


Innate Abilities, Weirdness & Mutations

You thrive by killing the living.
You are immune to poison.
You have sharp fingernails.
Your flesh is cold resistant. (rC+)
You are immune to negative energy. (rN+++)
You do not regenerate when monsters are visible.
You are immune to unholy pain and torment.
You can survive without breathing.


Message History

Edmund hits you with a +2 dire flail of protection.
* * * LOW HITPOINT WARNING * * *
You hit Edmund.
Edmund is heavily wounded.
Edmund hits you but does no damage.
You barely miss Edmund.
Edmund is heavily wounded.
Edmund hits you with a +2 dire flail of protection.
* * * LOW HITPOINT WARNING * * *
You feel yourself speed up. Edmund hits you but does no damage.
You aren't carrying any items that you can evoke.
It was a potion of degeneration.
There was something very wrong with that liquid.
You feel weakened.
You feel dopey.
You have lost your intelligence.
You feel clumsy.
Edmund hits you with a +2 dire flail of protection!
* * * LOW HITPOINT WARNING * * *
Edmund hits you but does no damage.
Edmund hits you with a +2 dire flail of protection!
You die...

>.. ... # ##.!. ...## #....# #..
#....... ....# ....#.#.# #####
..##..#..###..[
###).##.###...#.##
#)@.##..........#e ....#.#
###@###..#.# #.#...
......########...###.##.# #...##
....................[...#####...#
......##...>...#.....##...###.#.#
.......#.....###.##.#####..##.#..
.................##.# #.........
.............###....# #.........
.............# #.#### #.........
.......).....# #.# #.........


You could see Edmund.

Vanquished Creatures
  Grinder (D:3)
  Duvessa (D:4)
  An ogre (D:4)
  Blork the orc (D:4)
  Dowan (D:4)
  A bullfrog skeleton (D:4)
  3 orc wizards
  A hound (D:4)
  3 orc priests
  Terence (D:2)
  A worker ant (D:4)
  5 gnolls
  6 adders
  4 oozes
  An adder skeleton (D:4)
  A worm (D:3)
  3 leopard geckos
  18 orcs
  8 giant cockroaches
  8 hobgoblins
  2 jackals (D:1)
  A quokka (D:3)
  3 ball pythons
  4 bats
  5 frilled lizards
  5 goblins
  6 kobolds
  4 rats
99 creatures vanquished.

Notes
Turn   | Place    | Note
-------+----------+-------------------------------------------
     0 | D:1      | Borgoz the Ghoul Gladiator began the quest for the Orb.
     0 | D:1      | Reached XP level 1. HP: 17/17 MP: 0/0
   102 | D:1      | Reached XP level 2. HP: 25/25 MP: 1/1
   217 | D:1      | Reached skill level 1 in Armour
   328 | D:1      | Reached skill level 3 in Long Blades
   496 | D:1      | Reached XP level 3. HP: 27/30 MP: 2/2
  1459 | D:2      | Noticed Terence
  1469 | D:2      | Killed Terence
  1470 | D:2      | Reached XP level 4. HP: 32/37 MP: 0/3
  1821 | D:2      | Reached XP level 5. HP: 44/44 MP: 4/4
  2482 | D:3      | Reached skill level 4 in Long Blades
  2601 | D:4      | Noticed Blork the orc
  2613 | D:4      | Noticed an ogre
  2855 | D:3      | Reached XP level 6. HP: 51/51 MP: 5/5
  3665 | D:3      | Noticed Grinder
  3688 | D:3      | Paralysed by Grinder for 4 turns
  3701 | D:3      | Killed Grinder
  3702 | D:3      | Reached XP level 7. HP: 31/58 MP: 6/6
  4040 | D:4      | Killed Blork the orc
  4158 | D:4      | Noticed Dowan
  4159 | D:4      | Noticed Duvessa
  4488 | D:4      | Reached skill level 5 in Long Blades
  4529 | D:4      | Killed Duvessa
  4530 | D:4      | Reached XP level 8. HP: 30/67 MP: 7/7
  4535 | D:4      | Killed Dowan
  4802 | D:4      | Noticed Edmund
  4849 | D:4      | Lost intelligence.
  4850 | D:4      | HP: 1/67 [Edmund/+2 dire flail of protection (7)]
  4852 | D:4      | Mangled by Edmund

Illustrated notes

Levels and vault maps discovered:
D:1:      dpeg_arrival_arbitrary_c, layout_loops_ring,
          kennysheep_decorative_pillar
D:2:      layout_basic, kennysheep_pointless_box, uniq_terence
D:3:      layout_basic, uniq_grinder
D:4:      layout_rooms, general_overflow_altar,
          minmay_temple_entry_statues_pillars, uniq_crazy_yiuf_cottage,
          uniq_edmund, uniq_duvessa, uniq_blork_the_orc

Skill      XL: |  1  2  3  4  5  6  7 |
---------------+----------------------+-----
Armour         | 1 2 3 4 |  4.6
Long Blades    | 3 4 5 |  5.5
Dodging        | 3 4 |  4.4
Fighting       | 3 4 |  4.5
Throwing       | |  1.7

Action                   |  1- 3 |  4- 6 |  7- 9 || total
-------------------------+-------+-------+-------++-------
Melee: Long sword        |    78 |   238 |   145 ||   461
Throw: Throwing net      |     4 |     3 |     3 ||    10
  Use: Scroll            |     4 |     6 |     1 ||    11
       Potion            |     1 |     3 |     7 ||    11
 Stab: Held in net/web   |     1 |     1 |       ||     2
       Invisible         |       |       |     7 ||     7
Armor: Leather armour    |    31 |    22 |       ||    53
       Scale mail        |       |   103 |    91 ||   194
Dodge: Dodged            |    57 |   194 |   115 ||   366
       Rpst.: Long sword |    16 |    66 |    27 ||   109
